[Event "*** Titled Tuesday Blitz"]
[Site "Chess.com"]
[Date "2020.04.28"]
[Round "7"]
[White "KarstenHansch"]
[Black "Eliwood44"]
[Result "0-1"]
[WhiteElo "2427"]
[BlackElo "2329"]
[TimeControl "180+1"]
[EndTime "11:16:22 PDT"]
[Termination "Eliwood44 won by resignation"]

1. e4 e5 2. Nf3 Nc6 3. Bb5 a6 4. Ba4 d6 5. Bxc6+ bxc6 6. d4 exd4 7. Qxd4 c5 8. Qd3 Nf6 9. O-O Be7 10. Nc3 O-O 11. Nd5 Nxd5 12. exd5 a5 13. c4 Bf6 14. Rb1 g6 15. Bd2 Bf5 16. Qa3 Bxb1 17. Rxb1 Re8 18.
Qd3 a4 19. Kf1 Rb8 20. Qc2 Qd7 21. Ne1 Re7 22. Nd3 Qf5 23. Ne1 Qxc2 24. Nd3 Qxb1+ 0-1

[Event "*** Titled Tuesday Blitz"]
[Site "Chess.com"]
[Date "2020.04.28"]
[Round "7"]
[White "TheNomNomFactor"]
[Black "WhiteCapital80"]
[Result "1-0"]
[WhiteElo "2398"]
[BlackElo "2400"]
[TimeControl "180+1"]
[EndTime "11:16:24 PDT"]
[Termination "TheNomNomFactor won by resignation"]

1. e4 e6 2. d4 d5 3. Nc3 Nf6 4.
Bg5 dxe4 5. Nxe4 Nbd7 6. Nf3 Be7 7. Nxf6+ Nxf6 8. Bd3 b6 9. O-O Bb7 10. c3 O-O 11. Qe2 c5 12. dxc5 bxc5 13. Rad1 Qc7 14.
Ne5 Rfd8 15. Rfe1 Rac8 16. Nxf7 Qc6 17. Be4 Qxe4 18. Qxe4 Bxe4 19. Nxd8 Bd5 20. Nxe6 Kf7 21. Nf4 Bxa2 22. Rd7 Re8 23. Rxa7 Bb3 24. Rb7 Bc4 25. b3 Ba6 26. Ra7 Bc8 27. Bxf6 gxf6 28. Nd5 Be6 29.
Nxe7 Rxe7 30. Rxe7+ Kxe7 31. b4 cxb4 32. cxb4 Kd6 33.
Rxe6+ 1-0

[Event "*** Titled Tuesday Blitz"]
[Site "Chess.com"]
[Date "2020.04.28"]
[Round "7"]
[White "BeanScreen"]
[Black "MariaFominykh"]
[Result "1-0"]
[WhiteElo "2572"]
[BlackElo "2397"]
[TimeControl "180+1"]
[EndTime "11:16:26 PDT"]
[Termination "BeanScreen won by resignation"]

1. e4 d6 2. d4 Nf6 3. Nc3 e5 4. Nf3 Nbd7 5. Bc4 Be7 6. O-O O-O 7. Qe2 c6 8. Rd1 b5 9. dxe5 dxe5 10. Nxe5 bxc4 11. Nxc6 Qe8 12. e5 Ng4 13. Qxg4 Nxe5 14.
Nxe7+ Qxe7 15. Qg3 Ng6 16. Nd5 Qb7 17. Be3 Be6 18.
Nc7 Rac8 19. Nxe6 fxe6 20. Bd4 Nf4 21. Re1 Rf5 22. f3 h6 23. Re4 e5 24. Bxe5 Nh5 25. Qg6 Rg5 26. Qe6+ Kh7 27. h4 Rg6 28. Qf5 Nf6 29. Bxf6 gxf6 30. h5 1-0

[Event "*** Titled Tuesday Blitz"]
[Site "Chess.com"]
[Date "2020.04.28"]
[Round "7"]
[White "Filip_Covic"]
[Black "gmelviro"]
[Result "1-0"]
[WhiteElo "2331"]
[BlackElo "2141"]
[TimeControl "180+1"]
[EndTime "11:16:26 PDT"]
[Termination "Filip_Covic won by resignation"]

1. e4 e5 2. Nc3 Nf6 3. Bc4 Bc5 4. d3 Nc6 5. f4 d6 6. f5 Na5 7. Bg5 Nxc4 8. dxc4 h6 9. Bh4 c6 10. Nf3 a6 11. a3 Ba7 12. Qd3 Qe7 13. O-O-O Bb8 14. Kb1 b5 15. g4 Qb7 16. Bxf6 gxf6 17. h4 Bc7 18. g5 Rb8 19. b3 b4 20. Na4 bxa3 21.
c5 Qb5 22. cxd6 Qxd3 23. Rxd3 Bd8 24. Nc5 Bd7 25. gxf6 Bxf6 26. Nxa6 a2+ 27. Kb2 Ra8 28. Nc7+ Kd8 29. Nxa8 Kc8 30. Nb6+ 1-0

[Event "*** Titled Tuesday Blitz"]
[Site "Chess.com"]
[Date "2020.04.28"]
[Round "7"]
[White "GMNeiksans"]
[Black "SergioGarciaFuentes"]
[Result "1-0"]
[WhiteElo "2777"]
[BlackElo "2093"]
[TimeControl "180+1"]
[EndTime "11:16:30 PDT"]
[Termination "GMNeiksans won on time"]

1. Nf3 d5 2. b3 Nf6 3. Bb2 Bf5 4. e3 e6 5. c4 Be7 6. Nc3 h6 7. d4 O-O 8. Bd3 Bxd3 9. Qxd3 c5 10. dxc5 dxc4 11. Qxc4 Nc6 12. O-O Qa5 13. Na4 Rac8 14. Bc3 Qc7 15. b4 a6 16. a3 Rcd8 17. Rad1 Rd5 18.
Nb6 Rfd8 19. Nxd5 exd5 20. Qe2 Ne4 21. Bb2 a5 22. Nd4 axb4 23. Nxc6 Qxc6 24. axb4 Qa4 25. Qg4 1-0

[Event "*** Titled Tuesday Blitz"]
[Site "Chess.com"]
[Date "2020.04.28"]
[Round "7"]
[White "turayev_shahruh17"]
[Black "shyam"]
[Result "0-1"]
[WhiteElo "2523"]
[BlackElo "2696"]
[TimeControl "180+1"]
[EndTime "11:16:32 PDT"]
[Termination "shyam won by resignation"]

1. e4 c5 2. Nc3 e6 3. g3 d5 4.
exd5 exd5 5. d4 Nf6 6. Bg2 cxd4 7. Qxd4 Nc6 8. Qa4 Bb4 9. Ne2 O-O 10. O-O Re8 11. Bg5 Be6 12. Rad1 h6 13. Bc1 a6 14. Nf4 Bxc3 15. bxc3 b5 16. Qb3 Na5 17. Qb4 Rc8 18.
Be3 Qc7 19. Nxd5 Bxd5 20. Bxd5 Nxd5 21. Rxd5 Qxc3 22. Qxc3 Rxc3 23. Bd2 Ra3 24. Ra1 Nc4 25. Bb4 Ra4 26. Kf1 Rxb4 0-1

[Event "*** Titled Tuesday Blitz"]
[Site "Chess.com"]
[Date "2020.04.28"]
[Round "7"]
[White "TengisChess"]
[Black "mattcolins2025"]
[Result "1-0"]
[WhiteElo "2537"]
[BlackElo "2285"]
[TimeControl "180+1"]
[EndTime "11:16:33 PDT"]
[Termination "TengisChess won by resignation"]

1. c4 g6 2. Nf3 Bg7 3. g3 c5 4. Bg2 e6 5. O-O Nc6 6. Nc3 Nge7 7. d4 cxd4 8. Nb5 O-O 9. Nbxd4 d5 10. Nxc6 bxc6 11. Qa4 e5 12. Rd1 e4 13. Nd4 Qc7 14.
Bf4 Qb7 15. Bd6 Bxd4 16. Rxd4 Nf5 17. Bxf8 Nxd4 18. Bc5 Nxe2+ 19. Kf1 Qxb2 20. Re1 Nc3 21. Qxc6 Bb7 22. Qd6 Qxa2 23. Kg1 Qxc4 24. Bf1 Qa4 25. Qf6 Nb5 26. Bxb5 Qxb5 27. Bd4 Kf8 28. Rc1 Qd7 29. Qh8+ Ke7 30. Qe5+ Kf8 31. Rc7 Rc8 32. Rxd7 1-0

[Event "*** Titled Tuesday Blitz"]
[Site "Chess.com"]
[Date "2020.04.28"]
[Round "7"]
[White "mshuaau0"]
[Black "djano"]
[Result "0-1"]
[WhiteElo "2138"]
[BlackElo "2457"]
[TimeControl "180+1"]
[EndTime "11:16:34 PDT"]
[Termination "djano won by resignation"]

1. e4 e5 2. Nf3 Nc6 3. Bc4 Nf6 4. d3 h6 5. Nc3 g6 6. Be3 Bg7 7. Qd2 Ng4 8. O-O-O d6 9. h3 Nxe3 10. fxe3 Na5 11. Bb3 Nxb3+ 12. axb3 c6 13. d4 Qc7 14. g4 Bd7 15. Qg2 O-O-O 16. Rhf1 Kb8 17. Kb1 Bc8 18. d5 Rhf8 19. Nd2 Bd7 20. Nc4 c5 21. Rf2 f6 22. h4 b5 23. Nd2 a6 24. Rdf1 Qc8 25. g5 Bh3 26. Qg3 Bxf1 27. Rxf1 fxg5 28. Rxf8 Rxf8 29. hxg5 h5 30. Qe1 Qg4 31. Ka2 Qg2 32.
Ncb1 Rf2 33. c4 b4 34. Qd1 h4 35. Ka1 h3 0-1

[Event "*** Titled Tuesday Blitz"]
[Site "Chess.com"]
[Date "2020.04.28"]
[Round "7"]
[White "Quiet_Desperation"]
[Black "MilanJeremic"]
[Result "1-0"]
[WhiteElo "1850"]
[BlackElo "2242"]
[TimeControl "180+1"]
[EndTime "11:16:35 PDT"]
[Termination "Quiet_Desperation won by checkmate"]

1. e4 c6 2. d4 d5 3. e5 a6 4. c4 e6 5. Nf3 dxc4 6. Bxc4 Ne7 7. Bg5 h6 8. Bh4 Qb6 9. Bb3 Nf5 10. Bg3 Bb4+ 11. Nc3 O-O 12. O-O Rd8 13. Ne4 Nxd4 14.
Nxd4 Qxd4 15. Qg4 Nd7 16. Rad1 Qb6 17. Nf6+ Nxf6 18. exf6 Bf8 19. fxg7 Be7 20. Bf4 e5 21. Qh5 Kxg7 22. Qxf7+ Kh8 23. Bxe5+ Bf6 24. Bxf6# 1-0

[Event "*** Titled Tuesday Blitz"]
[Site "Chess.com"]
[Date "2020.04.28"]
[Round "7"]
[White "bmt011"]
[Black "FROGGY64"]
[Result "0-1"]
[WhiteElo "2058"]
[BlackElo "2453"]
[TimeControl "180+1"]
[EndTime "11:16:37 PDT"]
[Termination "FROGGY64 won by resignation"]

1. d4 e6 2. Bf4 f5 3. Nf3 Nf6 4. e3 b6 5. c4 Bb7 6. Nc3 Bb4 7.
Bd3 O-O 8. Qc2 Ne4 9. h3 Bxc3+ 10. bxc3 d6 11. g4 Nxc3 12. d5 Ne4 13. gxf5 exf5 14. Bxe4 fxe4 15. Qxe4 Nd7 16. Ng5 Nf6 17. Qe6+ Kh8 18.
Nf7+ Rxf7 19. Qxf7 Qd7 20. Qxd7 Nxd7 21. Ke2 Re8 22. Rhg1 Ba6 23. Rac1 Nf6 24. Kf3 Ne4 25.
a4 Bxc4 26. Kg2 Bxd5 27. f3 Nc5 28. e4 Bb3 29. a5 Nd3 30. Rc3 Nxf4+ 31. Kh2 Ne2 32.
Rxb3 Nxg1 33. axb6 Nxf3+ 34. Kg3 axb6 35. Kxf3 Kg8 36.
Ra3 Kf7 37. Ra7 Re7 0-1

[Event "*** Titled Tuesday Blitz"]
[Site "Chess.com"]
[Date "2020.04.28"]
[Round "7"]
[White "A-Fier"]
[Black "Fy_Rakotomaharo"]
[Result "0-1"]
[WhiteElo "2798"]
[BlackElo "2664"]
[TimeControl "180+1"]
[EndTime "11:16:38 PDT"]
[Termination "Fy_Rakotomaharo won by resignation"]

1. e4 c5 2. Nf3 d6 3. d4 cxd4 4.
Nxd4 Nf6 5. Nc3 a6 6. Be3 e5 7. Nb3 Be6 8. f3 Nbd7 9. g4 b5 10. g5 b4 11. Nd5 Nxd5 12. exd5 Bf5 13. Bd3 Bxd3 14. Qxd3 Be7 15. h4 O-O 16. O-O-O a5 17. Nd2 a4 18. Ne4 Rc8 19. Kb1 a3 20. b3 f5 21.
gxf6 Nxf6 22. Ng5 Rc3 23. Qe2 Qa5 24. Ne6 Rfc8 25. Rhg1 g6 26. Rd2 Nxd5 27. Bb6 Qxb6 28. Nd4 Rxb3+ 29. Ka1 Re3 30. Qg2 exd4 31. h5 d3 32. Qg4 Qc7 0-1

[Event "*** Titled Tuesday Blitz"]
[Site "Chess.com"]
[Date "2020.04.28"]
[Round "7"]
[White "GameOverBro"]
[Black "VinzentSpitzl"]
[Result "1-0"]
[WhiteElo "2510"]
[BlackElo "2375"]
[TimeControl "180+1"]
[EndTime "11:16:38 PDT"]
[Termination "GameOverBro won by resignation"]

1. e4 c6 2. Nc3 d5 3. Nf3 dxe4 4.
Nxe4 Nf6 5. Qe2 Nxe4 6. Qxe4 Qd5 7. Qh4 Qe6+ 8. Be2 Qg6 9. O-O Qxc2 10. d4 Qg6 11.
Ne5 Qf6 12. Qg3 Nd7 13. Bg5 Qd6 14. Bf4 Nxe5 15. dxe5 Qg6 16. Qb3 Qe4 17. Be3 g6 18. Rfe1 Bg7 19. Bc4 Qf5 20. Bc5 O-O 21. Bxe7 Re8 22.
Bf6 Bxf6 23. Bxf7+ Kf8 24. Bxe8 Bxe5 25. Rxe5 1-0

[Event "*** Titled Tuesday Blitz"]
[Site "Chess.com"]
[Date "2020.04.28"]
[Round "7"]
[White "DanielTitichoca"]
[Black "Shuvalov"]
[Result "1-0"]
[WhiteElo "2337"]
[BlackElo "2447"]
[TimeControl "180+1"]
[EndTime "11:16:38 PDT"]
[Termination "DanielTitichoca won by checkmate"]

1. e4 e6 2. d3 d5 3. Nd2 c5 4. Ngf3 Nc6 5. g3 Nf6 6. Bg2 Be7 7. O-O O-O 8. e5 Nd7 9. Re1 b5 10. c4 bxc4 11. dxc4 Nb6 12. cxd5 exd5 13. h4 Bg4 14.
Nf1 Nd4 15. N1h2 Nxf3+ 16. Bxf3 Bxf3 17. Qxf3 Qd7 18. Ng4 Qe6 19. Bg5 Bxg5 20. hxg5 Nc4 21. Kg2 Nd2 22. Qf4 Ne4 23. Rh1 c4 24. Rh5 Rab8 25. Rah1 Qg6 26. Rxh7 Qxh7 27. Rxh7 Kxh7 28. Nf6+ gxf6 29. Qh4+ Kg8 30. gxf6 Rfd8 31. Qh6 Rxb2 32. Qg7# 1-0

[Event "*** Titled Tuesday Blitz"]
[Site "Chess.com"]
[Date "2020.04.28"]
[Round "7"]
[White "lolo9292"]
[Black "albi1999"]
[Result "1-0"]
[WhiteElo "2498"]
[BlackElo "2637"]
[TimeControl "180+1"]
[EndTime "11:16:39 PDT"]
[Termination "lolo9292 won by resignation"]

1. d4 d5 2. c4 e6 3. Nc3 Nf6 4. Bg5 Be7 5. e3 O-O 6. Nf3 h6 7. Bxf6 Bxf6 8. Rc1 b6 9. Qc2 Bb7 10. h4 Nd7 11. cxd5 exd5 12. g4 g6 13. g5 hxg5 14. hxg5 Bg7 15. Bd3 Re8 16. Rh4 c5 17. Bxg6 fxg6 18.
Qxg6 Nf8 19. Qh5 Qd6 20. Kd2 Qg6 21. Qg4 Bc8 22. Qg3 Bf5 23. Rch1 Rad8 24. Ne2 cxd4 25. Nfxd4 Bd7 26. Nf4 Qd6 27. a3 Ng6 28. Rh6 Bxh6 29.
Rxh6 Kg7 30. Nh5+ Kf7 31. Qxd6 1-0

[Event "*** Titled Tuesday Blitz"]
[Site "Chess.com"]
[Date "2020.04.28"]
[Round "7"]
[White "AniJak"]
[Black "FrogMist"]
[Result "1-0"]
[WhiteElo "2267"]
[BlackElo "2385"]
[TimeControl "180+1"]
[EndTime "11:16:43 PDT"]
[Termination "AniJak won by checkmate"]

1. e4 e5 2. Nc3 Nf6 3. g3 d5 4. exd5 Nxd5 5. Bg2 Nxc3 6. bxc3 Nc6 7. Rb1 Bc5 8. Ne2 Bb6 9. O-O O-O 10. d3 Bg4 11.
Kh1 Qf6 12. h3 Bf3 13. Kh2 Rad8 14. Bg5 Qxg5 15. Bxf3 f5 16. Bxc6 bxc6 17. f4 Qe7 18. fxe5 Qxe5 19. Nf4 Qxc3 20. Ne6 f4 21. gxf4 Qf6 22.
Nxd8 Qxd8 23. Qg4 c5 24. Rbe1 c4 25. Qe6+ Kh8 26. Qxc4 h6 27. f5 c5 28. Qe4 Qf6 29. Kh1 Qc3 30. Re2 Rd8 31. Rg2 Qf6 32. Rg6 Qc3 33. f6 Qxc2 34. fxg7+ Kg8 35. Qe6+ Kh7 36.
Rxh6+ Kxg7 37. Qg6# 1-0

[Event "*** Titled Tuesday Blitz"]
[Site "Chess.com"]
[Date "2020.04.28"]
[Round "7"]
[White "j2806"]
[Black "top_bu_tz"]
[Result "1-0"]
[WhiteElo "1972"]
[BlackElo "2134"]
[TimeControl "180+1"]
[EndTime "11:16:43 PDT"]
[Termination "j2806 won on time"]

1. e4 e5 2. Nf3 Nc6 3. Bb5 Nf6 4. d3 Bc5 5. O-O d6 6. c3 a6 7. Ba4 O-O 8. h3 b5 9. Bb3 Bb6 10. Nbd2 Bb7 11. Re1 Ne7 12. Nf1 Ng6 13. Ng3 h6 14. d4 Re8 15. d5 Nf4 16. Be3 Qd7 17.
Bxb6 cxb6 18. Kh2 Rac8 19. Bc2 Qc7 20. Rc1 a5 21. Nf5 Kh7 22. a4 g6 23. Ng3 Ba6 24. Ne2 Nxe2 25. Qxe2 Qb7 26. axb5 1-0

[Event "*** Titled Tuesday Blitz"]
[Site "Chess.com"]
[Date "2020.04.28"]
[Round "7"]
[White "Danfii"]
[Black "Feegus"]
[Result "0-1"]
[WhiteElo "2332"]
[BlackElo "2478"]
[TimeControl "180+1"]
[EndTime "11:16:47 PDT"]
[Termination "Feegus won by resignation"]

1. e4 e6 2. d4 d5 3. Nd2 Nf6 4. e5 Nfd7 5. Bd3 c5 6. c3 Nc6 7. Ne2 cxd4 8. cxd4 f6 9. exf6 Nxf6 10. O-O Bd6 11. Nf3 O-O 12. Bf4 Bxf4 13. Nxf4 Qd6 14. Ne2 Bd7 15. Qd2 Rae8 16. a3 Ng4 17. Ng3 e5 18.
dxe5 Ncxe5 19. Nxe5 Nxe5 20. Bc2 d4 21. Rad1 Bb5 22. Rfe1 d3 23. Bb3+ Kh8 24. Ne4 Qg6 25.
Ng3 Ng4 26. Rxe8 Rxe8 27. h3 Ne5 28. Re1 Bc6 29. Bd1 Qe6 30. Bg4 Nf3+ 31. Bxf3 Qxe1+ 32. Qxe1 Rxe1+ 33. Kh2 0-1

[Event "*** Titled Tuesday Blitz"]
[Site "Chess.com"]
[Date "2020.04.28"]
[Round "7"]
[White "DrVitman"]
[Black "hongnhung1234"]
[Result "0-1"]
[WhiteElo "2512"]
[BlackElo "2217"]
[TimeControl "180+1"]
[EndTime "11:16:50 PDT"]
[Termination "hongnhung1234 won on time"]

1. e4 c5 2. Nc3 Nc6 3. Bb5 g6 4. Bxc6 bxc6 5. Nge2 Bg7 6. O-O d6 7. d3 Nf6 8. Be3 O-O 9. Qd2 Re8 10. Rae1 d5 11.
Bxc5 dxe4 12. Nc1 exd3 13. Nxd3 Ba6 14. Re3 Qc7 15. Rfe1 Bh6 16. f4 Bxd3 17. Qxd3 Rad8 18. Qc4 Qxf4 19. Qxf4 Bxf4 20. Rxe7 Rxe7 21. Rxe7 Nd7 22. g3 Bg5 23. Re2 Nxc5 0-1

[Event "*** Titled Tuesday Blitz"]
[Site "Chess.com"]
[Date "2020.04.28"]
[Round "7"]
[White "olomi007"]
[Black "Aleksandar-Topalov"]
[Result "1-0"]
[WhiteElo "2662"]
[BlackElo "2497"]
[TimeControl "180+1"]
[EndTime "11:16:53 PDT"]
[Termination "olomi007 won by resignation"]

1. e4 e6 2. d4 d5 3. Nd2 Nf6 4. e5 Ng8 5. Bd3 Ne7 6. Ngf3 Qd7 7. O-O b6 8. Re1 Ba6 9. Bxa6 Nxa6 10. Nf1 Nf5 11. g4 Ne7 12. Ne3 h5 13. h3 Ng6 14.
Ng2 Be7 15. Bg5 c5 16. c3 Nb8 17. Qd2 Nc6 18. Nf4 Nxf4 19. Qxf4 hxg4 20. hxg4 O-O-O 21. Kg2 Rdf8 22. Bxe7 Nxe7 23. dxc5 bxc5 24. b4 Ng6 25. Qe3 c4 26. Rh1 Qc7 27. a4 Kb8 28. Rh5 Qb6 29. Nd4 Rxh5 30. gxh5 Ne7 31. Qg5 Re8 32. Kf1 Nc6 33. Rd1 Nxd4 34. Rxd4 Qc7 35. Qxg7 Qe7 36. h6 Qf8 37. Rf4 1-0

[Event "*** Titled Tuesday Blitz"]
[Site "Chess.com"]
[Date "2020.04.28"]
[Round "7"]
[White "WoolworthsManly"]
[Black "Fh2411"]
[Result "1-0"]
[WhiteElo "2660"]
[BlackElo "2484"]
[TimeControl "180+1"]
[EndTime "11:16:56 PDT"]
[Termination "WoolworthsManly won by resignation"]

1. e4 c5 2. Nf3 e6 3. d4 cxd4 4. Nxd4 a6 5. c4 Nf6 6. Nc3 Bb4 7. Qc2 Qc7 8. a3 Bxc3+ 9. Qxc3 Nxe4 10. Nb5 axb5 11.
Qxg7 Rf8 12. Bh6 Qc5 13. f3 Nf6 14. Qxf6 Rg8 15. cxb5 d6 16. Rc1 Nd7 17. Qf4 Qe5+ 18.
Qxe5 Nxe5 19. Rc7 b6 20. Be3 Nd7 21. Kf2 Kd8 22. Rc6 d5 23. Bxb6+ Nxb6 24. Rxb6 Bd7 25.
Bd3 h5 26. Rc1 h4 27. Rb7 Rc8 28. Rxc8+ Kxc8 29. Ra7 Rg5 30. b6 Bc6 31. Rc7+ 1-0

[Event "*** Titled Tuesday Blitz"]
[Site "Chess.com"]
[Date "2020.04.28"]
[Round "7"]
[White "kingmonkey2006"]
[Black "Michaelson_11"]
[Result "1-0"]
[WhiteElo "2601"]
[BlackElo "2007"]
[TimeControl "180+1"]
[EndTime "11:16:59 PDT"]
[Termination "kingmonkey2006 won by resignation"]

1. e4 c5 2. Nf3 Nc6 3. d4 cxd4 4. Nxd4 g6 5. c4 Nf6 6. Nc3 d6 7. Be2 Nxd4 8. Qxd4 Bg7 9. Qd1 O-O 10. O-O Qa5 11.
Be3 Be6 12. Rc1 Rfc8 13. b3 a6 14. Nd5 Nxd5 15. exd5 Bf5 16. a4 Bb2 17. Bd4 Bxc1 18. Qxc1 b5 19. Qh6 f6 20. Qe3 Qd8 21. cxb5 axb5 22. Bxb5 Rc2 23. Bb6 Qf8 24. a5 Rac8 25. Bc6 Ra2 26. h3 h5 27. b4 Kg7 28. b5 e6 29.
dxe6 Qe7 30. a6 Qxe6 31. Qxe6 Bxe6 32. a7 Bc4 33. Re1 Kf7 34. Rc1 Bxb5 35. Bd5+ Ke7 36. Rxc8 1-0

[Event "*** Titled Tuesday Blitz"]
[Site "Chess.com"]
[Date "2020.04.28"]
[Round "7"]
[White "pichonazo"]
[Black "Misticpikachu"]
[Result "1-0"]
[WhiteElo "2451"]
[BlackElo "2296"]
[TimeControl "180+1"]
[EndTime "11:17:00 PDT"]
[Termination "pichonazo won on time"]

1. e4 c5 2. c3 e6 3. d4 cxd4 4. cxd4 d5 5. e5 Nc6 6. Nc3 Nge7 7. Nf3 Nf5 8. Be3 Be7 9. Bd3 O-O 10. O-O a6 11. Rc1 Nxe3 12. fxe3 Bd7 13. a3 Rc8 14. Qe2 f5 15. exf6 Bxf6 16. Bb1 b5 17. Qd3 g6 18.
Ne2 Qb6 19. Nf4 Bg7 20. Nxg6 hxg6 21. Qxg6 Rf6 22. Qh7+ Kf8 23. Ng5 Nd8 24. Rxf6+ Bxf6 25. Rf1 e5 26. Qg6 Ke7 27. Nh7 Be8 28. Qxf6+ Qxf6 29. Nxf6 exd4 30. exd4 Ne6 31. Nxd5+ Kd6 32. Nf6 Nxd4 33.
Rd1 Ke5 34. Nxe8 Ne2+ 35. Kf2 1-0

[Event "*** Titled Tuesday Blitz"]
[Site "Chess.com"]
[Date "2020.04.28"]
[Round "7"]
[White "IMinTheWings"]
[Black "Kate1606"]
[Result "1-0"]
[WhiteElo "2212"]
[BlackElo "2016"]
[TimeControl "180+1"]
[EndTime "11:17:00 PDT"]
[Termination "IMinTheWings won on time"]

1. c4 c5 2. Nf3 g6 3. d4 cxd4 4. Nxd4 Bg7 5. e4 Nc6 6. Be3 Nf6 7. Nc3 d6 8. Be2 O-O 9. O-O Nxd4 10. Bxd4 Be6 11. f4 Qa5 12. f5 gxf5 13. exf5 Bxf5 14. b4 Qxb4 15. Rxf5 e5 16. Rb1 Qa3 17. Rb3 Qa5 18.
Be3 Qd8 19. Bg5 h6 20. Bh4 Qd7 21. Rxf6 Bxf6 22. Bxf6 Qf5 23. Nd5 Kh7 24. Rf3 Qg6 25. Rg3 Qf5 26. Rg7+ Kh8 27. Rxf7+ Kg8 28. Rg7+ Kh8 29. Rg5+ 1-0

[Event "*** Titled Tuesday Blitz"]
[Site "Chess.com"]
[Date "2020.04.28"]
[Round "7"]
[White "uchenic"]
[Black "Pawnpusherschessaccademy"]
[Result "1-0"]
[WhiteElo "2468"]
[BlackElo "2247"]
[TimeControl "180+1"]
[EndTime "11:17:01 PDT"]
[Termination "uchenic won by checkmate"]

1. d4 Nf6 2. c4 e6 3. Nf3 d5 4. Nc3 dxc4 5. e3 a6 6. a4 c5 7. Bxc4 Nc6 8. d5 exd5 9. Nxd5 Nxd5 10. Bxd5 Bd6 11. O-O O-O 12. h3 Qc7 13. Qe2 Re8 14. Rd1 Bf5 15. b3 Rad8 16. Bb2 Nb4 17. Bc4 Qe7 18.
Rd2 Bb8 19. Rad1 Rxd2 20. Rxd2 Be4 21. Qd1 Qc7 22. Ne5 Rf8 23. Rd7 Qb6 24. Nxf7 h6 25. Ng5+ Kh8 26. Bxg7# 1-0

[Event "*** Titled Tuesday Blitz"]
[Site "Chess.com"]
[Date "2020.04.28"]
[Round "7"]
[White "mjray79"]
[Black "Spring199"]
[Result "0-1"]
[WhiteElo "2250"]
[BlackElo "2390"]
[TimeControl "180+1"]
[EndTime "11:17:01 PDT"]
[Termination "Spring199 won by checkmate"]

1. d4 Nf6 2. c4 e6 3. g3 Bb4+ 4. Bd2 Qe7 5. Nf3 O-O 6. Bg2 Bxd2+ 7. Qxd2 d6 8. O-O e5 9. d5 Nbd7 10. Nc3 a5 11. e4 Nc5 12. Qc2 Bg4 13. Nd2 Nfd7 14.
f4 f5 15. fxe5 Nxe5 16. exf5 Qg5 17. Kh1 Bxf5 18. Nde4 Qg6 19. Qe2 Nxe4 20. Nxe4 Rae8 21. Rae1 Ng4 22. h3 Bxe4 23. hxg4 Bxg2+ 24. Qxg2 Qxg4 25. Rxf8+ Rxf8 26. Re7 Qd1+ 27. Kh2 Qh5+ 28. Kg1 Qg5 29. Rxc7 Qe3+ 30. Kh1 Qe1+ 31. Qg1 Rf1 32. Rc8+ Kf7 33.
Rc7+ Kg6 34. Rc8 Rxg1+ 35. Kh2 Qxg3# 0-1

[Event "*** Titled Tuesday Blitz"]
[Site "Chess.com"]
[Date "2020.04.28"]
[Round "7"]
[White "keepitcool9499"]
[Black "VqquyenCFT"]
[Result "0-1"]
[WhiteElo "2447"]
[BlackElo "2238"]
[TimeControl "180+1"]
[EndTime "11:17:02 PDT"]
[Termination "VqquyenCFT won by resignation"]

1. d4 Nf6 2. c4 g6 3. Nc3 d5 4. Nf3 Bg7 5. e3 O-O 6. Bd3 c5 7. cxd5 cxd4 8. Nxd4 Nxd5 9. O-O Nxc3 10. bxc3 e5 11. Nf3 Nc6 12. e4 Bg4 13. h3 Bxf3 14. Qxf3 Rc8 15. Rd1 Qa5 16. Bc4 Nd4 17. cxd4 Rxc4 18.
d5 f5 19. d6 Qa4 20. Bg5 fxe4 21. Qb3 Qxb3 22. axb3 Rd4 23. Rxd4 exd4 24. d7 d3 25. Rd1 Kf7 26. d8=Q Rxd8 27. Bxd8 Ke6 28. Bg5 Kf5 29. Be3 a6 30. f3 h5 31. g4+ hxg4 32. hxg4+ Ke5 33. Kf2 Bf6 34. fxe4 Kxe4 35. Re1 Bh4+ 36.
Kg2 Bxe1 37. Bd2 Bxd2 0-1

[Event "*** Titled Tuesday Blitz"]
[Site "Chess.com"]
[Date "2020.04.28"]
[Round "7"]
[White "czasnaszachy"]
[Black "FMOlexandrProhorov"]
[Result "0-1"]
[WhiteElo "2292"]
[BlackElo "2096"]
[TimeControl "180+1"]
[EndTime "11:17:02 PDT"]
[Termination "FMOlexandrProhorov won by checkmate"]

1. d4 g6 2. c4 Bg7 3. Nc3 c5 4. d5 Bxc3+ 5. bxc3 f5 6. e4 Qa5 7. Bd2 fxe4 8. f3 d6 9. fxe4 Nf6 10. Bd3 Nbd7 11.
Nf3 Nb6 12. O-O Bg4 13. Qe1 O-O-O 14. Ng5 Rhf8 15. h3 Bd7 16. e5 Nh5 17. e6 Ba4 18.
Nf7 Rde8 19. Bh6 Rg8 20. Bf4 Nxf4 21. Rxf4 Qa6 22. Qe2 Kc7 23. Raf1 Nc8 24. Ng5 h6 25. Ne4 g5 26. Rf7 Qa5 27. Nf6 a6 28. Nxe8+ Rxe8 29. Rh7 Qxc3 30. Rxh6 Qd4+ 31. Kh1 b5 32. cxb5 Qxd5 33.
bxa6 Bc6 34. Rg6 Rh8 35. Kh2 Nb6 36. Qe3 Qxg2# 0-1

[Event "*** Titled Tuesday Blitz"]
[Site "Chess.com"]
[Date "2020.04.28"]
[Round "7"]
[White "ErikRonka"]
[Black "IMUffeVinther-Schou"]
[Result "1-0"]
[WhiteElo "2416"]
[BlackElo "2264"]
[TimeControl "180+1"]
[EndTime "11:17:03 PDT"]
[Termination "ErikRonka won by checkmate"]

1. e4 c5 2. Nf3 e6 3. d4 cxd4 4. Nxd4 a6 5. Nc3 b5 6. Bd3 Qb6 7. Nf3 Bb7 8. O-O d6 9. a4 b4 10.
a5 Qc7 11. Na4 Nd7 12. Be3 Ngf6 13. Nb6 Rd8 14. Nxd7 Rxd7 15. Bb6 Qb8 16. Re1 Be7 17. Qe2 Qa8 18. e5 Nd5 19. exd6 Bxd6 20. Ne5 Nf4 21. Qg4 Bxe5 22. Rxe5 Nxd3 23. Qxg7 Ke7 24. cxd3 Rg8 25.
Bc5+ Rd6 26. Rxe6+ Kxe6 27. Re1+ Kd5 28. Qd4+ Kc6 29.
Qxd6+ Kb5 30. Qb6+ Ka4 31. Qxb4# 1-0

[Event "*** Titled Tuesday Blitz"]
[Site "Chess.com"]
[Date "2020.04.28"]
[Round "7"]
[White "floplover"]
[Black "smshk35"]
[Result "0-1"]
[WhiteElo "2232"]
[BlackElo "2373"]
[TimeControl "180+1"]
[EndTime "11:17:03 PDT"]
[Termination "smshk35 won by resignation"]

1. d4 Nf6 2. c4 g6 3. Nc3 Bg7 4. e4 d6 5. Nf3 O-O 6. Be2 e5 7. O-O Nc6 8. d5 Ne7 9. b4 a5 10. Ba3 axb4 11. Bxb4 b6 12. a4 Nd7 13. a5 bxa5 14. Rxa5 Rxa5 15. Bxa5 Ba6 16. Nb5 Nb6 17.
c5 dxc5 18. Nxc7 Bxe2 19. Qxe2 Qxc7 20. Qa6 Nec8 21. Rb1 c4 22. Bxb6 Nxb6 23. Rxb6 Rb8 24. Rxb8+ Qxb8 25. h3 c3 26. Qc4 Qb1+ 27. Kh2 c2 28. d6 c1=Q 29. Qd5 Qf4+ 0-1

[Event "*** Titled Tuesday Blitz"]
[Site "Chess.com"]
[Date "2020.04.28"]
[Round "7"]
[White "Maghalashvili"]
[Black "JiaHaoxiang"]
[Result "1-0"]
[WhiteElo "2790"]
[BlackElo "2577"]
[TimeControl "180+1"]
[EndTime "11:17:04 PDT"]
[Termination "Maghalashvili won by resignation"]

1. Nf3 c5 2. c4 b6 3. g3 Bb7 4.
Bg2 Nf6 5. O-O e6 6. Nc3 Be7 7.
d4 cxd4 8. Qxd4 d6 9. Bg5 Nbd7 10. Nb5 Nc5 11. Bxf6 gxf6 12. Rfd1 Ne4 13. Nd2 e5 14.
Qe3 Nc5 15. Bxb7 Nxb7 16. Qf3 Qd7 17. Ne4 Rd8 18. Nxf6+ Bxf6 19. Qxf6 Rg8 20. Rd5 Rg6 21. Qh8+ Ke7 22. Qxh7 a6 23. Nc3 Nc5 24. Rad1 Qf5 25.
Qh4+ f6 26. b4 Ne6 27. Qe4 Qh5 28. Rxd6 Rh6 29. Qb7+ Ke8 30. Rxe6+ 1-0